 Dungeon Crawl Stone Soup version 0.20.0-1-g1cb1d84 (webtiles) character file.

195 FakerFangirl the Cudgeler (level 5, -2/45 HPs)
             Began as a Draconian Fighter on May 26, 2017.
             Slain by an orc wizard
             ... wielding a +0 dagger
              (4 damage)
             ... on level 3 of the Dungeon.
             The game lasted 00:02:51 (2789 turns).

FakerFangirl the Cudgeler (Draconian Fighter)       Turns: 2789, Time: 00:02:52

Health: -2/45      AC:  5    Str: 19    XL:     5   Next: 45%
Magic:  5/5        EV: 10    Int:  8    God:
Gold:   203        SH:  0    Dex: 11    Spells: 4/4 levels left

rFire    . . .     SeeInvis .   Y - +0 flail
rCold    . . .     Gourm    .   b - +0 shield
rNeg     . . .     Faith    .   (armour unavailable)
rPois    .         Spirit   .   (helmet restricted)
rElec    .         Reflect  .   (no cloak)
rCorr    .         Harm     .   (no gloves)
MR       .....                  (no boots)
Stlth    +.........             (no amulet)
Regen    0.2/turn               (no ring)
MPRegen  0.1/turn               (no ring)

@: confused
A: unfitting armour, cold-blooded, AC +5
a: no special abilities


You were on level 3 of the Dungeon.
You were not hungry.

You visited 1 branch of the dungeon, and saw 3 of its levels.

You collected 203 gold pieces.


Innate Abilities, Weirdness & Mutations

Your plain brown scales are hard. (AC +5)
You cannot fit into any form of body armour.
You are cold-blooded and may be slowed by cold attacks.


   Skills:
 - Level 3.2 Fighting
 + Level 5.8 Maces & Flails
 - Level 2.6 Dodging
 - Level 3.0 Shields


You had 4 spell levels left.
You didn't know any spells.

Inventory:

Hand Weapons
 Y - a +0 flail (weapon)
Armour
 b - a +0 shield (worn)
Jewellery
 p - a +2 ring of intelligence {unknown}
Scrolls
 n - 6 scrolls of identify
 o - a scroll of fog {unknown}
 s - a scroll of remove curse
Potions
 a - a potion of heal wounds {unknown}
 c - a potion of might
 e - a potion of magic {unknown}
 f - a potion of haste {unknown}
 g - 2 potions of ambrosia {unknown}
 i - a potion of brilliance {unknown}
 j - a potion of degeneration {unknown}
 l - a potion of mutation {unknown}
 m - a potion of agility {unknown}
 q - a potion of curing {unknown}
Comestibles
 d - 3 bread rations
 h - a meat ration
 k - 8 fruits
 r - 5 chunks of flesh

Dungeon Overview and Level Annotations

Branches:
Dungeon (3/15)

Altars:
Kikubaaqudgha
Vehumet


Message History

You closely miss something.
Your tail-slap misses something.
Something hits you.
You closely miss something. Something hits you.
You miss something. Something hits you but does no damage. Something hits you.
You miss something.
You hear some strange, mumbled words.
You are confused.
You're too confused to attack without stumbling around!
Something hits you but does no damage.
You're too confused to attack without stumbling around!
Something hits you but does no damage.
You're too confused to attack without stumbling around!
You hear some strange, mumbled words.
A magic dart appears from out of thin air!
The magic dart hits you!
You're too confused to attack without stumbling around!
Something hits you.
You die...

#.###.##.## ##.## #........
#........# #.# #.###.##.
#####.#### #.# #.##. #.#
#+## #.... #.##### #...##
#.#####.. #.....#
##.....###........ ###%#.#
##.......######<...
##....###.........####....#
#.......'{@)......'........
##....###.........####.....
##.#.####.......# ##....
##...####.....## #.#.#
##.#.#.## #...## #.#)#
##.##.##.## #+## #....
#.##..###.# ###.#
##.#.###.## #.# #.......##
#.#


There were no monsters in sight!

Vanquished Creatures
  A howler monkey (D:3)
  An orc wizard (D:3)
  6 adders (D:2)
  An ooze (D:1)
  3 worms
  2 dart slugs
  A leopard gecko (D:1)
  An orc (D:3)
  A ball python (D:2)
  11 bats
  4 goblins
  6 hobgoblins
  7 jackals (D:1)
  3 kobolds
  A quokka (D:3)
  4 frilled lizards (D:1)
  4 rats
57 creatures vanquished.

Vanquished Creatures (others)
  A bat (D:2)
  A goblin (D:2)
  A frilled lizard (D:2)
3 creatures vanquished.

Grand Total: 60 creatures vanquished

Notes
Turn   | Place    | Note
-------+----------+-------------------------------------------
     0 | D:1      | FakerFangirl the Draconian Fighter began the quest for the Orb.
     0 | D:1      | Reached XP level 1. HP: 19/19 MP: 1/1
     0 | D:1      | 0 ||| counter = 77
   337 | D:1      | Reached XP level 2. HP: 26/26 MP: 2/2
   463 | D:1      | Reached skill level 3 in Maces & Flails
   685 | D:1      | Reached XP level 3. HP: 31/31 MP: 3/3
  1120 | D:1      | 1120 ||| READING scroll labeled VAMOJU INEJIT.
  1121 | D:1      | 1121 ||| READING scroll labeled OTECWEJULO.
  1122 | D:1      | 1122 ||| READING scroll labeled XEZXOH XIYXY.
  1123 | D:1      | 1123 ||| READING scroll labeled UVIAPY ISM.
  1178 | D:2      | 1178 ||| STAIRDANCE
  1292 | D:2      | Found a radiant altar of Vehumet.
  1348 | D:2      | Reached skill level 4 in Maces & Flails
  1594 | D:2      | Reached XP level 4. HP: 33/38 MP: 4/4
  2141 | D:2      | 2141 ||| READING scroll labeled JUKKAM QIRESU.
  2165 | D:3      | 2165 ||| STAIRDANCE
  2218 | D:3      | Reached skill level 5 in Maces & Flails
  2218 | D:3      | Reached XP level 5. HP: 44/45 MP: 5/5
  2309 | D:3      | 2309 ||| Stepping ~*~*~tactically~*~*~ (outnumbered).
  2326 | D:3      | Found an ancient bone altar of Kikubaaqudgha.
  2775 | D:3      | HP: 9/45 [something (5)]
  2780 | D:3      | HP: 8/45 [something (1)]
  2784 | D:3      | HP: 3/45 [something (1)]
  2789 | D:3      | Slain by an orc wizard

Vault maps used:
D:1:      noname_arrival_rooms_in_the_neighbourhood, grunt_decor_fettered
D:2:      fiery_altar_vehumet, first_bread, guppyfry_early_lair_pool
D:3:      lemuel_crystal_altar, uniq_crazy_yiuf_cottage

Skill      XL: |  1  2  3  4 |
---------------+-------------+-----
Maces & Flails | 3 4 5 |  5.8
Fighting       | |  3.2
Dodging        | |  2.6
Shields        | |  3.0

Action                   |  1- 3 |  4- 6 || total
-------------------------+-------+-------++-------
Melee: Flail             |   113 |    76 ||   189
       Tailslap          |    12 |    14 ||    26
  Use: Scroll            |     4 |     1 ||     5
 Stab: Sleeping          |       |     1 ||     1
  Eat: Chunk             |     2 |     4 ||     6
Armor: Skin              |    29 |    13 ||    42
Dodge: Dodged            |    42 |    16 ||    58
Block: Shield            |    48 |    31 ||    79
